 Dungeon Crawl Stone Soup version 0.24.0-35-gdb84b6a5db (webtiles) character file.

Game seed: 18424279218335440890, levelgen mode: deterministic

63 Emblim88 the Insei (level 3, 0/27 HPs)
             Began as a Demonspawn Transmuter on Nov 20, 2019.
             Slain by a kobold (4 damage)
             ... on level 2 of the Dungeon.
             The game lasted 00:02:09 (1790 turns).

Emblim88 the Insei (Demonspawn Transmuter)          Turns: 1790, Time: 00:02:10

Health: 0/27       AC:  3    Str: 11    XL:     3   Next: 89%
Magic:  6/6        EV: 12    Int: 14    God:
Gold:   18         SH:  0    Dex: 13    Spells: 2/6 levels left

rFire    . . .     SeeInvis .   c - +0 dagger
rCold    . . .     Gourm    .   (no shield)
rNeg     . . .     Faith    .   b - +0 robe
rPois    .         Spirit   .   (no helmet)
rElec    .         Reflect  .   (no cloak)
rCorr    .         Harm     .   h - +0 pair of gloves
MR       .....                  (no boots)
Stlth    +.........             (no amulet)
HPRegen  0.09/turn              (no ring)
MPRegen  0.10/turn              (no ring)

@: no status effects
A: talons 1
a: no special abilities


You were on level 2 of the Dungeon.
You were not hungry.

You visited 1 branch of the dungeon, and saw 2 of its levels.

You collected 18 gold pieces.

Inventory:

Hand Weapons
 c - a +0 dagger (weapon)
Missiles
 a - 12 arrows
 i - 10 poisoned darts (quivered)
Armour
 b - a +0 robe (worn)
 h - a +0 pair of gloves (worn)
Scrolls
 g - a scroll of enchant weapon {unknown}
 k - a scroll of remove curse {unknown}
Potions
 e - a potion of degeneration {unknown}
 f - a potion of curing {unknown}
 j - a potion of cancellation {unknown}
 l - a potion of might {unknown}
Comestibles
 d - 3 rations


   Skills:
 + Level 1.8 Fighting
 + Level 2.3 Dodging
 + Level 3.1 Unarmed Combat
 + Level 2.4 Spellcasting
 + Level 2.2 Transmutations


You had 2 spell levels left.
You knew the following spells:

 Your Spells              Type           Power        Failure   Level  Hunger
a - Beastly Appendage     Tmut           #.....       9%          1    #......
b - Spider Form           Tmut/Pois      #.........   38%         3    ###....

Your spell library contained the following spells:

 Spells                   Type           Power        Failure   Level  Hunger
 Sticks to Snakes         Tmut           #.......     14%         2    ###....
 Ice Form                 Ice/Tmut       #.......     80%         4    #####..
 Blade Hands              Tmut           #.........   94%         5    ######.


Dungeon Overview and Level Annotations

Branches:
Dungeon (2/15)

Altars:
Nemelex Xobeh

Annotations:
D:2 Terence


Innate Abilities, Weirdness & Mutations

You have sharp toenails.


Message History

You hit Terence but do no damage. You claw Terence, but do no damage.
You headbutt Terence, but do no damage.
Terence is heavily wounded.
Terence hits you but does no damage. The kobold closely misses you.
You hit Terence but do no damage.
Terence is heavily wounded.
Terence misses you. The kobold closely misses you.
You barely miss Terence.
Terence is heavily wounded.
Your horns disappear.
Terence barely misses you. The kobold barely misses you.
You barely miss Terence.
Terence is heavily wounded.
Terence closely misses you. The kobold closely misses you.
You hit Terence but do no damage. You claw Terence.
Terence is severely wounded.
Terence hits you with a +0 short sword.
* * * LOW HITPOINT WARNING * * *
The kobold hits you.
You die...

#######.############
....................
######.########.###
#.# #.#
################.#
#.#
.................#
#.#
........##########
#.#
.<......####(...##
#.#
..........%(@@...#
#.#
........####K....#
#.# ........#
#.....# ........#
#.....# ........#
#......# ........#
#....#.# ##....###
#....#.# #....
...... .


You could see Terence and a kobold.

Vanquished Creatures
  Jessica (D:2)
  An ooze (D:1)
  A worm (D:2)
  A dart slug (D:1)
  2 leopard geckos (D:2)
  2 giant cockroaches
  2 goblins (D:1)
  2 hobgoblins
  4 jackals (D:1)
  3 kobolds (D:1)
  4 bats
  A rat (D:1)
24 creatures vanquished.

Notes
Turn   | Place    | Note
-------+----------+-------------------------------------------
     0 | D:1      | Emblim88 the Demonspawn Transmuter began the quest for the
                  | Orb.
     0 | D:1      | Reached XP level 1. HP: 15/15 MP: 3/3
   397 | D:1      | Gained mutation: You have sharp toenails. [demonic
                  | ancestry]
   397 | D:1      | Reached XP level 2. HP: 12/21 MP: 5/5
  1384 | D:2      | Found a sparkling altar of Nemelex Xobeh.
  1412 | D:2      | Noticed Jessica
  1419 | D:2      | Killed Jessica
  1419 | D:2      | Reached skill level 3 in Unarmed Combat
  1419 | D:2      | Reached XP level 3. HP: 12/27 MP: 4/6
  1638 | D:2      | Learned a level 3 spell: Spider Form
  1761 | D:2      | Noticed Terence
  1790 | D:2      | Slain by a kobold

Levels and vault maps discovered:
D:1:      wander_arrival_fairy_ring, layout_basic
D:2:      layout_basic, nemelex_xobeh_ov_fountains_minmay, uniq_jessica,
          uniq_terence

Skill      XL: |  1  2 |
---------------+-------+-----
Dodging        | 2 |  2.3
Transmutations | 2 |  2.2
Unarmed Combat | 3 |  3.1
Fighting       | |  1.8
Spellcasting   | |  2.4

Action                   || total
-------------------------++-------
Melee: Dagger            ||   119
       Kick              ||    26
       Headbutt          ||     5
 Cast: Beastly Appendage ||     5
  Eat: Ration            ||     1
Armor: Robe              ||    23
Dodge: Dodged            ||    90
